AoeStats
← outlaw182

Arabia

508278177Analyzed
1v1 RM · 12d ago on Sep 21, 2026· 50m 35s· 2 players
Game mode
Random Map
Map size
Tiny (2 player)
Population
200
Speed
Normal
Resources
Standard
Victory
Conquest
Starting age
Dark Age
Ending age
Imperial Age
RankedLock teamsTeams togetherTeam positionsShared explorationLock speedFull tech treeHidden civsTurbo modeCheats
Victory
Defeat
🇦🇷 Italians · Argentina
1090
+15
🇲🇽 Bulgarians · Mexico
1068
-15
outlaw182
5:21 Loom
10:44 Feudal Age
11:15 Town Watch
11:44 Double-Bit Axe
17:51 Fletching
18:53 Padded Archer Armor
25:12 Arson
31:08 Castle Age
30:08 Forging
29:55 Horse Collar
31:14 Elite Skirmisher
31:52 Bodkin Arrow
32:13 Leather Archer Armor
36:49 Bow Saw
38:48 Scale Barding Armor
39:22 Bloodlines
39:16 Husbandry
40:22 Heavy Plow
42:54 Chain Barding Armor
42:54 Squires
44:24 Iron Casting
46:07 Scale Mail Armor
47:47 Chain Mail Armor
48:22 Ballistics
53:11 Imperial Age
Bruber
8:02 Loom
11:10 Feudal Age
21:01 Horse Collar
22:34 Fletching
28:03 Castle Age
30:06 Crossbowman
31:42 Padded Archer Armor
40:29 Bodkin Arrow
43:22 Imperial Age
41:46 Wheelbarrow
42:39 Leather Archer Armor
43:05 Ballistics
47:29 Stone Mining
47:05 Arbalester
49:26 Bracer
49:56 Ring Archer Armor
Connection lost

Rejoining the realm…

Still unreachable

The connection could not be restored.

Session expired

The server has moved on; the page needs a fresh start.